Map: Prion Terraces

Players

LilDicky

  • Race: Terran Terran
  • League: Diamond

Yellow - Winner!

  • Race: Zerg Zerg
  • League: Diamond

VOD

http://www.twitch.tv/tumescentpie

Description

Time

  • Played on: Nov. 30, 2015, 4:51 p.m.
  • Length: 10:16
Show
View Real Time Build Order
Export as new Build Order

LilDicky Terran 

Build Orders: Hellion Banshee 

Get SALT Encoding   

  12  0:01  SCV  
  13  0:13  SCV  
  14  0:18  Supply Depot  
  14  0:25  SCV  
  15  0:29  Refinery  
  15  0:40  SCV  
  16  0:46  Barracks  
  16  0:52  SCV  
  17  1:04  SCV  
  18  1:17  SCV  
  20  1:37  Supply Depot, Orbital Command  
  20  1:41  Factory  
  19  1:55  Barracks Reactor  
  19  2:07  Command Center  
  20  2:08  SCV  
  20  2:20  SCV  
  20  2:22  Supply Depot  
  21  2:36  Hellion x2  
  21  2:37  SCV  
  26  2:41  Marine  
  27  2:51  SCV  
  28  2:57  Hellion  
  28  2:58  Hellion  
  32  3:03  SCV, Marine  
  34  3:10  Supply Depot  
  34  3:15  SCV  
  34  3:19  Hellion x2  
  39  3:20  Orbital Command  
  39  3:23  Marine  
  40  3:36  Orbital Command  
  40  3:40  Hellion x2, Bunker  
  44  3:42  Barracks Tech Lab  
  44  3:45  Starport  
  44  3:55  Refinery  
  44  4:01  SCV  
  44  4:02  Hellion  
  47  4:05  Hellion  
  49  4:12  Supply Depot  
  49  4:14  SCV  
  50  4:25  Hellion  
  50  4:27  Hellion  
  54  4:46  Hellion  
  54  4:48  Hellion  
  54  4:52  Banshee, Cloaking Field  
  61  4:53  SCV x2  
  61  4:56  Refinery  
  63  5:00  Supply Depot  
  63  5:05  SCV x2  
  65  5:08  Hellion  
  67  5:24  Hellion  
  65  5:29  Supply Depot  
  65  5:30  SCV x2, Hellion  
  65  5:34  Banshee  
  72  5:42  SCV  
  73  5:44  SCV  
  73  5:46  Hellion  
  66  6:17  Banshee  
  62  6:18  Hellion  
  62  6:19  Hellion  
  61  6:40  Hellion x2  
  61  6:41  Barracks Reactor  
  61  6:42  SCV  
  61  6:43  SCV, Barracks x3  
  61  6:44  Barracks  
  67  7:01  Hellion x2  
  67  7:11  Banshee  
  72  7:23  Hellion x2  
  72  7:27  Marine x2  
  72  7:28  SCV  
  77  7:40  Command Center  
  79  7:44  Hellion x2, Marine  
  79  7:45  Marine  
  79  7:50  Marine x3  
  86  7:55  Supply Depot  
  86  7:58  Supply Depot x2  
  86  7:59  Supply Depot  
  86  8:00  Banshee, Marine  
  86  8:02  SCV, Marine x2  
  94  8:05  SCV  
  94  8:15  Supply Depot  
  94  8:16  Marine x3  
  94  8:17  Hellion x2, Marine  
  102  8:20  Marine x2  
  98  8:38  Hellion  
  82  8:47  Marine  
  82  8:48  Hellion, Marine x5  
  72  8:51  Banshee  
  72  8:55  Orbital Command  
  78  9:00  Hellion  
  78  9:05  Marine  
  78  9:06  Marine x5  
  69  9:23  Marine  
  69  9:24  Marine x5  
  57  9:41  Marine x4  
  57  9:42  Marine x2  
  57  9:43  Orbital Command  
Show
View Real Time Build Order
Export as new Build Order

Yellow Zerg - Winner!

Build Orders: Hatch First 

Get SALT Encoding   

  12  0:01  Drone  
  13  0:12  Drone  
  14  0:15  Extractor  
  14  0:17  Drone  
  15  0:24  Overlord  
  16  0:42  Drone  
  16  0:43  Drone  
  16  0:45  Drone  
  18  0:58  Hatchery  
  18  1:01  Drone  
  18  1:05  Extractor  
  18  1:07  Drone  
  18  1:18  Spawning Pool  
  18  1:20  Drone  
  18  1:30  Drone  
  19  1:43  Overlord  
  19  2:06  Zergling x4  
  19  2:07  Metabolic Boost, Queen  
  23  2:10  Queen  
  23  2:11  Zergling x2  
  23  2:14  Drone  
  27  2:22  Drone x2  
  29  2:32  Drone x2  
  31  2:43  Spine Crawler  
  30  2:44  Drone x2  
  32  2:54  Roach Warren, Queen  
  33  3:06  Overlord  
  33  3:08  Drone x2  
  33  3:10  Drone  
  36  3:18  Overlord  
  36  3:26  Drone x3  
  39  3:27  Drone x2  
  39  3:28  Drone  
  42  3:39  Roach x2  
  42  3:40  Roach  
  48  3:45  Extractor  
  48  3:47  Roach x2  
  51  3:59  Overlord  
  51  4:00  Overlord x2  
  51  4:09  Spine Crawler  
  50  4:13  Drone x2  
  52  4:19  Drone x2  
  52  4:20  Drone x2  
  56  4:35  Roach x4  
  56  4:36  Roach x3  
  70  4:51  Roach x3  
  76  4:58  Overlord  
  76  5:13  Overlord x2  
  76  5:16  Queen  
  78  5:34  Lair  
  78  5:36  Drone  
  78  5:37  Drone  
  78  5:38  Extractor  
  78  5:39  Drone x3  
  78  5:42  Drone  
  83  5:43  Drone, Extractor  
  83  5:44  Drone x2  
  80  6:21  Spore Crawler  
  80  6:24  Spore Crawler  
  78  6:30  Spore Crawler  
  77  6:37  Drone x2  
  77  6:38  Spire  
  77  6:39  Drone x2  
  78  6:44  Drone  
  79  6:49  Drone  
  79  6:50  Evolution Chamber  
  75  7:07  Spine Crawler  
  72  7:12  Overseer  
  68  7:40  Glial Reconstitution  
  67  7:50  Corruptor x3  
  73  7:53  Roach  
  73  7:54  Roach x12  
  73  7:58  Overlord x3  
  99  7:59  Overseer  
  99  8:09  Spine Crawler  
  99  8:11  Spine Crawler  
  99  8:12  Drone  
  98  8:14  Roach  
  96  8:45  Drone  
  96  8:46  Drone x6  
  96  8:47  Drone x5  
  100  8:56  Pneumatized Carapace  
  100  8:58  Roach x4  
  100  8:59  Roach  
  110  9:06  Spine Crawler x2  
  106  9:16  Corruptor x2  
  110  9:17  Roach x3  
  110  9:21  Overseer  
  116  9:29  Roach x2  
  114  9:44  Roach x3  
  114  9:45  Roach x2  
  122  9:49  Roach  
  124  10:00  Overseer  
  124  10:08  Hatchery  
Tags
 
Add a new tag
Caveats
  • Supply blocks, unpowered buildings, or Contaminate may cause inaccurate times.
  • Supply counts are checked every 10 seconds.